 Dungeon Crawl Stone Soup version 0.28.0-43-g3370ac3207 (webtiles) character file.

Game seed: 9969810625170353177

25 croobank the Firebug (level 2, -2/20 HPs)
             Began as a Draconian Fire Elementalist on Mar 3, 2022.
             Slain by an ogre
             ... wielding a +0 giant club
              (22 damage)
             ... on level 2 of the Dungeon.
             The game lasted 00:03:43 (1208 turns).

croobank the Firebug (Draconian Fire Elementalist)  Turns: 1208, Time: 00:03:43

Health: -2/20      AC:  5    Str: 10    XL:     2   Next: 82%
Magic:  0/5        EV: 12    Int: 15    God:
Gold:   25         SH:  0    Dex: 11    Spells: 2/5 levels left

rFire   . . .      SeeInvis .   h - +2 whip (freeze)
rCold   . . .      Faith    .   (no shield)
rNeg    . . .      Spirit   .   (armour unavailable)
rPois   .          Reflect  .   (helmet restricted)
rElec   .          Harm     .   (no cloak)
rCorr   .          Rampage  .   (no gloves)
Will    .....                   f - +0 pair of boots
Stlth   ++........              (no amulet)
HPRegen 0.06/turn               (no ring)
MPRegen 0.09/turn               (no ring)

@: very slightly contaminated
A: AC +4, unfitting armour, cold-blooded
a: no special abilities


You were on level 2 of the Dungeon.
You visited 1 branch of the dungeon, and saw 2 of its levels.

You collected 25 gold pieces.

Inventory:

Hand Weapons
 a - a +0 short sword
 b - a +0 hunting sling
 h - a +2 whip of freezing (weapon)
Missiles
 c - 18 bolts
 d - 2 stones
 k - 14 arrows
Armour
 f - a +0 pair of boots (worn)
Scrolls
 g - a scroll of amnesia {unknown}
 i - a scroll of identify {unknown}
Potions
 e - a potion of haste {unknown}
 j - a potion of flight {unknown}


   Skills:
 + Level 2.1 Dodging
 - Level 2.0 Stealth
 + Level 2.3 Spellcasting
 + Level 1.5 Conjurations
 + Level 3.3 Fire Magic


You had 2 spell levels left.
You knew the following spells:

 Your Spells              Type           Power      Damage    Failure   Level
a - Foxfire               Conj/Fire      32%        2x1d5     9%          1
b - Scorch                Fire           22%        2d6       9%          2

Your spell library contained the following spells:

 Spells                   Type           Power      Damage    Failure   Level
 Conjure Flame            Conj/Fire      8%         6-21      24%         3
 Inner Flame              Hex/Fire       6%         N/A       32%         3
 Portal Projectile        Hex/Tloc       2%         N/A       54%         3
 Flame Wave               Conj/Fire      8%         2d5       63%         4
 Olgreb's Toxic Radiance  Pois           1%         N/A       91%         4
 Dragon Form              Tmut           0%         N/A       100%        7
 Ozocubu's Refrigeration  Ice            0%         4d5       100%        7
 Ignition                 Fire           5%         3d4       100%        8
 Necromutation            Tmut/Necr      0%         N/A       100%        8


Dungeon Overview and Level Annotations

Branches:
Dungeon (2/15)

Altars:

Shops:
D:1 !==


Innate Abilities, Weirdness & Mutations

Your plain brown scales are hard. (AC +4)
You cannot fit into any form of body armour.
You are cold-blooded and may be slowed by cold attacks.


Message History

Your foxfire dissipates!
A ball python comes into view.
Casting: Foxfire (safe; 9% risk of failure)
Confirm with . or Enter, or press ? or * to list all spells.
You conjure some foxfire!
Your foxfire dissipates!
The ball python hisses angrily.
Casting: Foxfire (safe; 9% risk of failure)
Confirm with . or Enter, or press ? or * to list all spells.
You conjure some foxfire!
The foxfire hits the ball python.
You kill the ball python!
An ogre comes into view. It is wielding a +0 giant club.
Your foxfire dissipates!
Casting: Foxfire (safe; 9% risk of failure)
Confirm with . or Enter, or press ? or * to list all spells.
You conjure some foxfire!
The ogre shouts!
The foxfire hits the ogre.
The ogre is lightly wounded.
The foxfire hits the ogre.
The ogre is moderately wounded.
Casting: Foxfire (safe; 9% risk of failure)
Confirm with . or Enter, or press ? or * to list all spells.
You conjure some foxfire!
The foxfire hits the ogre.
The ogre is heavily wounded.
The foxfire hits the ogre.
The ogre is heavily wounded.
Casting: Foxfire (safe; 9% risk of failure)
Confirm with . or Enter, or press ? or * to list all spells.
You miscast Foxfire.
You are very lightly contaminated with residual magic.
Nothing appears to happen.
Casting: Foxfire (safe; 9% risk of failure)
Confirm with . or Enter, or press ? or * to list all spells.
You conjure some foxfire!
The ogre hits you with a +0 giant club!!
Ouch! That really hurt!
You die...

## #...# .....###...#
.... .#+ ........<..#
.... ....
###..###...####..###....
........................
.....###...####.........
...........####..8.....8
.....................?..
...........####v@O.†....
##.#######.....v...>....
# ##.###......... #.#
#......... #.#
#..8.....8 #.#
##........ ..# ####..###
### ..# .#


You could see an ogre (ally target).

Vanquished Creatures
  5 endoplasms
  2 goblins (D:1)
  3 hobgoblins (D:1)
  A quokka (D:1)
  3 ball pythons
  3 bats (D:1)
  A frilled lizard (D:1)
  2 kobolds (D:1)
  3 rats (D:1)
23 creatures vanquished.

Vanquished Creatures (others)
  45 foxfires
45 creatures vanquished.

Grand Total: 68 creatures vanquished

Notes
Turn   | Place    | Note
-------+----------+-------------------------------------------
     0 | D:1      | croobank the Draconian Fire Elementalist began the quest
                  | for the Orb.
     0 | D:1      | Reached XP level 1. HP: 14/14 MP: 3/3
   338 | D:1      | Reached XP level 2. HP: 20/20 MP: 1/5
   399 | D:1      | Found Ufru's Distillery.
   407 | D:1      | Learned a level 2 spell: Scorch
   467 | D:1      | Found Camniom's Jewellery Shop.
   502 | D:1      | Got Sif Muna's Almanac of the Mutagenic Compass
   887 | D:1      | Found Jaeb's Jewellery Boutique.
  1201 | D:2      | Noticed an ogre
  1208 | D:2      | Slain by an ogre

Illustrated notes

Levels and vault maps discovered:
D:1:      enne_arrival_octagon_isle, layout_basic, serial_shops,
          nicolae_shop_crystal, shop, shop
D:2:      layout_basic, nicolae_ecumenical_snake_handling, serial_shops,
          shop_coins, minmay_strange_pillars, st_stairs_1

Skill      XL: |  1  2 |
---------------+-------+-----
Stealth        | 2 |  2.0
Dodging        | 2 |  2.1
Spellcasting   | |  2.3
Conjurations   | |  1.5
Fire Magic     | |  3.3

Action                   || total
-------------------------++-------
Melee: Dagger            ||     8
       Tailslap          ||     1
       Whip              ||     2
       Short sword       ||     1
 Cast: Foxfire           ||    30
       Scorch            ||     1
 Stab: Sleeping          ||     1
Armor: Skin              ||     6
Dodge: Dodged            ||     9
